 Dungeon Crawl Stone Soup version 0.30-a0-859-gf88a04b62d (webtiles) character file.

Game seed: 16380334694564836575

265 BubbleThief the Trooper (level 6, 0/47 (55) HPs)
             Began as a Formicid Cinder Acolyte on Mar 7, 2023.
             Was a High Priest of Ignis.
             Slain by a gnoll
             ... wielding a +0 flail of draining
              (1 damage)
             ... on level 5 of the Dungeon.
             The game lasted 00:04:09 (2766 turns).

BubbleThief the Trooper (Formicid Cinder Acolyte)   Turns: 2766, Time: 00:04:10

HP:   0/47 (55)     AC:  3    Str: 21    XL:     6   Next: 44%
MP:   0/7           EV: 11    Int: 13    God:    Ignis [*****.]
Gold: 65            SH:  0    Dex:  9    Spells: 5/7 levels left

rFire   + . .      SeeInvis +    a - -1 hand axe (flame)
rCold   . . .      Faith    .    (no shield)
rNeg    . . .      Spirit   .    b - +0 robe
rPois   .          Reflect  .    (helmet unavailable)
rElec   .          Rampage  .    (no cloak)
rCorr   .                        (no gloves)
Will    .....                    l - +0 pair of boots
Stlth   +                        (no amulet)
HPRegen 0.27/turn                (no ring)
MPRegen 0.10/turn                (no ring)

@: very slightly contaminated, heavily drained
A: permanent stasis, dig shafts and tunnels, antennae 3, four strong arms
a: Dig, Shaft Self, Renounce Religion, Fiery Armour, Foxfire Swarm, Rising Flame


You were on level 5 of the Dungeon.
You worshipped Ignis.
Ignis was extremely pleased with you.
You visited 1 branch of the dungeon, and saw 6 of its levels.

You collected 180 gold pieces.
You spent 115 gold pieces at shops.

Inventory:

Hand Weapons
 a - a -1 hand axe of flaming (weapon)
Armour
 b - a +0 robe (worn)
 l - a +0 pair of boots (worn)
Magical Staves
 j - a staff of fire
Scrolls
 c - a scroll of vulnerability {unknown}
 d - a scroll of summoning {unknown}
 f - a scroll of magic mapping {unknown}
 g - 3 scrolls of teleportation {unknown}
 h - 2 scrolls of identify {unknown}
 k - a scroll of enchant weapon {unknown}
 q - a scroll of enchant armour {unknown}
 s - a scroll of acquirement {unknown}
Potions
 e - 3 potions of heal wounds {unknown}
 i - 5 potions of curing {unknown}
 m - a potion of magic {unknown}
 n - a potion of might {unknown}
 o - a potion of haste {unknown}
 p - a potion of attraction {unknown}
 r - a potion of brilliance {unknown}
 t - a potion of flight {unknown}
 u - a potion of lignification {unknown}


   Skills:
 + Level 7.4 Fighting
 - Level 3.0 Axes
 - Level 1.1 Spellcasting
 - Level 3.0 Fire Magic


You had 5 spell levels left.
You knew the following spells:

 Your Spells              Type           Power      Damage    Failure   Level
a - Scorch                Fire           16%        2d5       12%         2

Your spell library contained the following spells:

 Spells                   Type           Power      Damage    Failure   Level
 Lesser Beckoning         Tloc           0%         N/A       38%         2
 Gell's Gravitas          Tloc           0%         N/A       63%         3
 Summon Guardian Golem    Hex/Summ       0%         N/A       63%         3
 Teleport Other           Tloc           0%         N/A       63%         3
 Orb of Destruction       Conj           0%         9d5       100%        7
 Spellforged Servitor     Conj/Summ      0%         N/A       100%        7


Dungeon Overview and Level Annotations

Branches:
Dungeon (6/15)
 Temple: D:4-7

Altars:
Fedhas
Makhleb

Shops:
D:2 [   D:3 *(*[?


Innate Abilities, Weirdness & Mutations

You cannot be hasted, slowed, berserked, paralysed or teleported.
You can dig through walls and to a lower floor.
You have a pair of large antennae on your head. (SInv)
Your four strong arms can wield two-handed weapons with a shield.


Message History

You hit the gnoll but do no damage.
The gnoll is heavily wounded.
The gnoll closely misses you.
You hit the gnoll but do no damage.
The gnoll is heavily wounded.
The gnoll hits you with a +0 flail of draining.
You feel drained.
Your magical contamination has completely faded away.
Casting: Scorch (safe; 12% risk of failure)
Confirm with . or Enter, or press ? or * to list all spells.
Flames lash the gnoll.
The gnoll is heavily wounded.
The gnoll's fire resistance burns away.
The gnoll hits you with a +0 flail of draining!
You feel drained.
* * * LOW HITPOINT WARNING * * *
You closely miss the gnoll.
The gnoll is heavily wounded.
The gnoll hits you with a +0 flail of draining.
* * * LOW HITPOINT WARNING * * *
You feel drained. The gnoll misses you.
You barely miss the gnoll.
The gnoll is heavily wounded.
The gnoll is no longer more vulnerable to fire.
The gnoll barely misses you.
You closely miss the gnoll.
The gnoll is heavily wounded.
The gnoll hits you with a +0 flail of draining.
* * * LOW HITPOINT WARNING * * *
You feel drained.
* * * LOW HITPOINT WARNING * * *
Casting: Scorch (safe; 12% risk of failure)
Confirm with . or Enter, or press ? or * to list all spells.
You miscast Scorch.
You are very lightly contaminated with residual magic.
Nothing appears to happen.
The gnoll hits you with a +0 flail of draining.
* * * LOW HITPOINT WARNING * * *
You feel drained.
You die...

###+#######+#######
........#?........#
........#..@g.....'
........+.).......#
.......)#....###...
.......>.)..## .
##..##.)...## #.
#....## ......##
#......## #.>..###


You could see a gnoll.

Vanquished Creatures
  A phantom (D:6)
  A scorpion (D:6)
  A hound (D:4)
  3 gnolls (D:5)
  2 adders
  A dart slug (D:1)
  An orc (D:5)
  4 ball pythons
  2 bats
  8 endoplasms
  2 giant cockroaches (D:2)
  7 hobgoblins
  A kobold (D:2)
  3 quokkas
  5 frilled lizards
  5 goblins
  4 rats
51 creatures vanquished.

Vanquished Creatures (others)
  3 plants (D:3)
3 creatures vanquished.

Grand Total: 54 creatures vanquished

Notes
Turn   | Place    | Note
-------+----------+-------------------------------------------
     0 | D:1      | BubbleThief the Formicid Cinder Acolyte began the quest for
                  | the Orb.
     0 | D:1      | Reached XP level 1. HP: 18/18 MP: 2/2
    91 | D:1      | Reached XP level 2. HP: 17/25 MP: 3/3
   130 | D:1      | Learned a level 2 spell: Scorch
   254 | D:1      | Reached skill level 4 in Fighting
   391 | D:1      | Found a faded altar of an unknown god.
   861 | D:2      | Reached XP level 3. HP: 27/31 MP: 4/4
  1158 | D:2      | Found Naliac's Antique Armour Shoppe.
  1244 | D:2      | Found a burning altar of Makhleb.
  1497 | D:3      | Found Uwnaor Vixu's Armour Shop.
  1673 | D:3      | Found Fogiaj's Assorted Antiques.
  1712 | D:3      | Found Meor's Assorted Antiques.
  1715 | D:3      | Bought a notched steel ring for 115 gold pieces
  1776 | D:3      | Found Gelaifui's Antique Weapon Boutique.
  1779 | D:3      | Reached skill level 5 in Fighting
  2072 | D:3      | Reached XP level 4. HP: 39/39 MP: 5/5
  2166 | D:3      | Found Dypeva's Magic Scroll Shoppe.
  2195 | D:3      | Found a blossoming altar of Fedhas.
  2447 | D:4      | You fall into a shaft and drop 2 floors!
  2458 | D:5      | Entered Level 5 of the Dungeon
  2483 | D:5      | Noticed a phantom
  2487 | D:5      | Noticed a scorpion
  2496 | D:6      | Killed a phantom
  2497 | D:6      | Reached skill level 6 in Fighting
  2497 | D:6      | Reached XP level 5. HP: 17/47 MP: 0/6
  2616 | D:6      | Reached skill level 7 in Fighting
  2616 | D:6      | Reached XP level 6. HP: 32/55 MP: 7/7
  2766 | D:5      | HP: 1/49 [gnoll/+0 flail of draining (6)]
  2766 | D:5      | Slain by a gnoll

Illustrated notes

Levels and vault maps discovered:
D:1:      elethiomel_arrival_infinity_welcomes_careful_drivers, layout_rooms,
          hellmonk_ecumenical_altar_lost_god, dreamdust_princess_bridge,
          minmay_misc_feat_iff, corexii_item_surrounded_by_moat
D:2:      layout_basic, serial_shops, nicolae_shop_stone, basic_altar
D:3:      wad_lake_hut, layout_loops_cross, nicolae_overflow_crystal_walls,
          serial_shops, nicolae_shop_advertising_works
          [nicolae_subvault_shop_adworks], nicolae_lakefront_shop, shop_statue,
          nicolae_shop_behind_doors, nicolae_shop_overgrown_old_shop
D:4:      layout_layer_cave, old_standard_altar
D:5:      layout_gridville, nrook_mini_backslash, uniq_blork_the_orc
D:6:      black_bear_nest_1, layout_gridville, yredelemnul_altar_generic,
          makhleb_grotto_becter, kb_lookout_dungeons_type, dreamdust_gnoll_farm

Skill      XL: |  1  2  3  4  5 |
---------------+----------------+-----
Fighting       | 4 5 6 7 |  7.4
Axes           | |  3.0
Spellcasting   | |  1.1
Fire Magic     | |  3.0

Action                     |  1- 3 |  4- 6 || total
---------------------------+-------+-------++-------
  Melee: Hand axe          |   114 |    39 ||   153
         Punch             |     1 |       ||     1
   Cast: Scorch            |       |     8 ||     8
 Invoke: Fiery Armour      |       |     1 ||     1
   Stab: Sleeping          |     1 |       ||     1
 Armour: Robe              |    34 |     8 ||    42
  Dodge: Dodged            |    55 |    26 ||    81

Table legend: (Time is in decaauts)
 A = Elapsed time spent in this place.
 B = Non-inter-level travel time spent in this place.
 C = Inter-level travel time spent in this place.
 D = Time resting spent in this place.
 E = Time spent auto-exploring this place.
 F = Levels seen in this place.
 G = Mean time per level.
                   A        B        C        D        E       F      G
               +--------+--------+--------+--------+--------+-----+--------+
         Total |   2832 |   2742 |     90 |    225 |   2058 |   6 |  472.0 |
       Dungeon |   2832 |   2742 |     90 |    225 |   2058 |   6 |  472.0 |
               +--------+--------+--------+--------+--------+-----+--------+

Top non-repeatable levels by time:
     D:3: 835 daAuts
     D:1: 788 daAuts
     D:2: 721 daAuts
     D:6: 233 daAuts
     D:4: 161 daAuts
     D:5: 91 daAuts
